 Dungeon Crawl Stone Soup version 0.32-a0-422-g28b100f618 (webtiles) character file.

Game seed: 13164451971623061599

173616 CobblerOfWar the Warrior (level 18, -3/155 HPs)
             Began as a Coglin Fighter on Feb 21, 2024.
             Was the Champion of Wu Jian.
             Killed from afar by a nagaraja (28 damage)
             ... with a bolt of poison
             ... on level 3 of the Snake Pit.
             The game lasted 00:43:28 (29556 turns).

CobblerOfWar the Warrior (Coglin Fighter)          Turns: 29556, Time: 00:43:28

Health: -3/155     AC: 31    Str: 25    XL:     18   Next: 5%
Magic:  5/18       EV: 10    Int:  8    God:    Wu Jian [******]
Gold:   819        SH:  0    Dex: 13    Spells: 17/17 levels left

rFire   + . .        j - +2 demon whip (freeze) {Vicente}
rCold   + + .        b - +2 morningstar (flame) {Latda}
rNeg    . . .        Z - +1 gold dragon scales of the Orb Guardian {+Blink rPois rF+ rC+}
rPois   .            n - +0 helmet
rElec   .            f - +2 cloak
rCorr   +            L - +0 pair of gloves
SInv    .            B - +2 pair of boots
Will    ++...        W - amulet of regeneration Stlth
                     V - ring of Evvy {Fly Will+ rCorr Stlth-}
HPRegen 1.25/turn    l - ring of protection from cold
MPRegen 0.16/turn

%: no passive effects
@: lethally poisoned (-3 -> -44), poison vulnerable, flying, revved
A: off-hand wielding, slow wielding, warmup strikes, legs shutdown, inability to
drink after injury 1
a: Renounce Religion, Evoke Blink, Wall Jump, Serpent's Lash, Heavenly Storm


You were on level 3 of the Snake Pit.
You worshipped Wu Jian.
Wu Jian was exalted by your worship.
You visited 4 branches of the dungeon, and saw 25 of its levels.
You also visited: Ossuary, Bailey and Ice Cave.

You collected 3571 gold pieces.
You spent 2752 gold pieces at shops.

Inventory:

Hand Weapons
 b - a +2 morningstar of flaming (offhand) {Latda}
 j - a +2 demon whip of freezing (weapon) {Vicente}
 I - the +2 Maxwell's thermic engine {flame, freeze, rev}
   (You found it in an ice cave)
Missiles
 H - 5 curare-tipped darts
 K - 7 throwing nets (quivered)
Armour
 f - a +2 cloak (worn)
 n - a +0 helmet (worn)
 B - a +2 pair of boots (worn)
 C - a scarf of resistance
 L - a +0 pair of gloves (worn)
 Z - the +1 gold dragon scales of the Orb Guardian (worn) {+Blink rPois rF+ rC+}
   (You bought it in a shop on level 14 of the Dungeon)

   rF+:       It protects you from fire.
   rC+:       It protects you from cold.
   rPois:     It protects you from poison +Blink: It lets you blink.
Jewellery
 l - a ring of protection from cold (right grasper)
 D - a ring of poison resistance
 E - a ring of wizardry
 V - the ring of Evvy (left grasper) {Fly Will+ rCorr Stlth-}
   (You took it off an orc in a bailey)

   [ring of flight]

   Will+:     It increases your willpower.
   Fly:       It grants you flight.
   rCorr:     It protects you from acid and corrosion.
   Stlth-:    It makes you less stealthy.
 W - an amulet of regeneration (around neck)
Wands
 c - a wand of light (8)
 v - a wand of digging (8)
Scrolls
 a - 6 scrolls of identify {@r1}
 i - 5 scrolls of enchant weapon
 m - 5 scrolls of fear
 q - 3 scrolls of poison
 r - 12 scrolls of teleportation {@r3}
 w - a scroll of immolation
 x - 3 scrolls of fog {@r2}
 y - 4 scrolls of silence {!r}
 z - 2 scrolls of enchant armour
 F - 2 scrolls of noise
 G - 4 scrolls of amnesia
 N - 6 scrolls of revelation {@r5}
 O - 5 scrolls of blinking {@r4}
 P - 3 scrolls of vulnerability {!r}
 S - 5 scrolls of brand weapon
 Y - a scroll of torment
Potions
 d - 3 potions of might {@q3}
 e - 5 potions of curing {@q2}
 g - 4 potions of haste {@q5}
 h - 2 potions of cancellation
 k - 2 potions of resistance
 o - 8 potions of attraction
 p - 3 potions of magic
 s - a potion of enlightenment
 t - a potion of heal wounds {@q1}
 u - 6 potions of lignification
 A - 3 potions of ambrosia
 J - 5 potions of berserk rage
 M - 2 potions of degeneration
 Q - 5 potions of mutation
 U - 5 potions of brilliance
Miscellaneous
 R - a lightning rod (4/4)


   Skills:
 + Level 17.5 Fighting
 - Level 16.0 Maces & Flails
 + Level 13.9 Armour
 + Level 13.6 Dodging
 - Level 2.1 Shields


You had 17 spell levels left.
You didn't know any spells.
Your spell library contained the following spells:

 Spells                   Type           Power      Damage    Failure   Level
 Summon Small Mammal      Summ           0%         N/A       100%        1
 Cigotuvi's Dreadful Rot  Necr/Alch/Air  0%         N/A       100%        2
 Ensorcelled Hibernation  Hex/Ice        0%         N/A       100%        2
 Call Canine Familiar     Summ           0%         N/A       100%        3
 Fugue of the Fallen      Necr           0%         N/A       100%        3
 Hailstorm                Conj/Ice       0%         3d5       100%        3
 Inner Flame              Hex/Fire       0%         N/A       100%        3
 Summon Ice Beast         Ice/Summ       0%         N/A       100%        3
 Anguish                  Hex/Necr       0%         N/A       100%        4
 Animate Armour           Summ/Erth      0%         N/A       100%        4
 Dispel Undead            Necr           0%         3d6       100%        4
 Ignite Poison            Fire/Alch      0%         N/A       100%        4
 Martyr's Knell           Necr/Summ      0%         N/A       100%        4
 Sticky Flame             Fire/Alch      0%         2d4       100%        4
 Summon Blazeheart Golem  Fire/Summ      0%         N/A       100%        4
 Summon Lightning Spire   Summ/Air       0%         N/A       100%        4
 Freezing Cloud           Conj/Ice/Air   0%         6-21      100%        5
 Irradiate                Conj/Alch      0%         3d11      100%        5
 Lee's Rapid Deconstruct  Erth           0%         3d4*      100%        5
 Summon Mana Viper        Hex/Summ       0%         N/A       100%        5
 Conjure Ball Lightning   Conj/Air       0%         3x3d6     100%        6
 Death Channel            Necr           0%         N/A       100%        6
 Sculpt Simulacrum        Ice/Alch       0%         N/A       100%        6
 Monstrous Menagerie      Summ           0%         N/A       100%        7
 Orb of Destruction       Conj           0%         9d5       100%        7
 Ozocubu's Refrigeration  Ice            0%         4d7       100%        7
 Spellforged Servitor     Conj/Summ      0%         N/A       100%        7
 Discord                  Hex            0%         N/A       100%        8
 Disjunction              Tloc           0%         N/A       100%        8
 Ignition                 Fire           0%         3d3       100%        8
 Chain Lightning          Conj/Air       0%         N/A       100%        9
 Fire Storm               Conj/Fire      0%         5d1       100%        9
 Polar Vortex             Ice            0%         N/A       100%        9
 Shatter                  Erth           0%         3d5*      100%        9


Dungeon Overview and Level Annotations

Branches:
Dungeon (15/15)            Temple (0/1) D:7            Lair (5/5) D:9
 Shoals (0/4) Lair:3        Snake (3/4) Lair:3        Slime (0/5) Lair:4
    Orc (2/2) D:10            Elf (0/3) Orc:2        Vaults (0/5) D:13
 Depths (0/4) D:15        Ossuary (visited)          Bailey (visited)
  IceCv (visited)

Altars:
Dithmenos
Fedhas
Nemelex Xobeh
Wu Jian
Xom
Beogh

Shops:
D:4 *=[?(   D:14 *   Orc:2 (=[*


Innate Abilities, Weirdness & Mutations

You can wield a second weapon in your off-hand.
It takes a long time for you to wield or remove held weapons.
Your first few attacks do less damage.
Attacking and casting redirects power from your legs.
You occasionally lose the ability to drink potions when taking damage.


Message History

The nagaraja hits you but does no damage.
The nagaraja constricts you. The salamander barely misses you.
The nagaraja spits poison at you. The splash of poison hits you!!
You are poisoned.
* * * LOW HITPOINT WARNING * * *
The nagaraja constricts you.
* * * LOW HITPOINT WARNING * * *
Unknown command.
You feel better.
The salamander hits you but does no damage.
The nagaraja hits you but does no damage.
The nagaraja constricts you.
* * * LOW HITPOINT WARNING * * *
Unknown command.
You escape the nagaraja's grasp.
You lunge at the salamander.
You hit the salamander with your +2 morningstar of flaming.
The salamander is almost dead.
You whack the salamander with your +2 demon whip of freezing!
You freeze the salamander.
You kill the salamander!
The Council accepts your kill.
The salamander hits you but does no damage.
The nagaraja casts a spell at you.
The poison arrow hits you but does no damage.
You are poisoned.
You see here a +0 shortbow of flaming.
You lunge at the salamander, in a flurry of attacks.
You barely miss the salamander with your +2 demon whip of freezing.
The salamander is moderately wounded.
You hit the salamander with your +2 morningstar of flaming.
You hit the salamander with your +2 demon whip of freezing.
You freeze the salamander.
The salamander is heavily wounded.
You barely miss the salamander with your +2 morningstar of flaming.
You feel very sick.
The nagaraja points at you and mumbles some strange words.
The bolt of poison hits you!!
You are lethally poisoned!
You die...

## #.>.#####..##### ....#
##..#... ## ....###.....#
##. #...###..### ##..
#)..##.## #... #####
#.).#.#
####..N###...###...#####
......).))......).†....#
.#⌠....)@..>..⌠.....⌠#.##
.'......N....!.......'...
####...###...###...###...
#... ##### #...#....#
##.. #...###...# ##.
#...## #...# ## ...##
#...# .##.###.... ##
...).....


You could see a nagaraja (fast) and a salamander.

Vanquished Creatures
  A shard shrike (IceCv)
  Jorgrun (Orc:2)
  Rupert (Orc:2)
  Aizul (Snake:2)
  2 orc warlords
  A stone giant (D:15)
  Azrael (D:13)
  A white draconian (IceCv)
  Josephine (Lair:5)
  The ghost of heinrich the Ripper, a journeyman FeBe of Trog (Lair:4)
  A rakshasa (D:14)
  Fannar (D:10)
  8 hydras
  Erolcha (D:13)
  A catoblepas (Lair:5)
  2 salamander tyrants
  Harold (D:10)
  An ice dragon (Lair:5)
  3 centaur warriors
  3 ironbound frosthearts (IceCv)
  A deep troll shaman (Lair:5)
  3 two-headed ogres
  11 death yaks
  3 boulder beetles
  4 anacondas
  The ghost of Zanta616 the Covert, a journeyman GrHu (D:10)
  2 tengu warriors (D:15)
  7 naga warriors
  4 orc high priests
  7 naga sharpshooters
  3 shock serpents
  A fire crab (D:15)
  2 skysharks (Lair:4)
  2 salamander mystics (Snake:3)
  Lodul (D:11)
  11 skeletal warriors
  8 mana vipers
  2 arcanists
  Pikel (D:4)
  2 orange crystal statues
  6 orc knights
  2 naga ritualists
  A lindwurm (Lair:5)
  2 oklob plants (Lair:3)
  3 necromancers
  5 orc sorcerers (Orc:2)
  2 deep elf pyromancers
  3 cyclopes
  9 ugly things
  11 salamanders
  A manticore (D:14)
  22 elephants
  4 kobold blastminers (Orc:2)
  Maurice (D:7)
  An ice statue (Snake:1)
  23 black mambas
  12 cane toads
  2 naga magi
  3 unseen horrors
  Maggie (D:7)
  A gargoyle (D:13)
  23 rime drakes
  A freezing wraith (D:13)
  A kobold demonologist (D:12)
  2 efreet (D:13)
  6 komodo dragons
  7 trolls
  A merfolk (Lair:3)
  21 polar bears
  A hornet (D:10)
  A raiju (shapeshifter) (D:15)
  11 blink frogs
  11 dream sheep
  10 slime creatures
  Sigmund (D:5)
  A spriggan (shapeshifter) (D:14)
  A ynoxinul (D:10)
  4 shadows
  2 vampires
  10 wraiths
  2 wyverns
  A fire elemental (D:13)
  7 basilisks
  34 yaks
  A steam dragon (Lair:3)
  A warg (Orc:1)
  13 vampire mosquitoes
  3 acid dragons
  27 nagas
  A two-headed ogre zombie (D:10)
  4 hell hounds (D:13)
  14 water moccasins
  2 laughing skulls (D:15)
  42 orc warriors
  An ice beast (D:6)
  3 black bears
  27 wolves
  9 ogres
  4 centaurs
  4 lemures
  A phantom (D:10)
  12 bullfrogs
  An elf zombie (Ossuary)
  2 gnoll sergeants
  A kobold brigand (D:5)
  2 scorpions
  5 wights (D:4)
  A burial acolyte (Ossuary)
  5 killer bees (D:6)
  4 howler monkeys
  3 electric eels
  A bombardier beetle (D:4)
  A gnoll bouda (D:7)
  6 jellies
  Crazy Yiuf (D:3)
  2 human zombies (Ossuary)
  31 orc priests
  6 hounds
  A spectral scorpion (Ossuary)
  An iguana (D:7)
  2 scorpion zombies (D:6)
  31 orc wizards
  A hell rat (Lair:4)
  2 polar bear simulacra (Lair:2)
  2 yak simulacra (Lair:2)
  4 wolf simulacra (Lair:2)
  7 ogre zombies (D:10)
  A bullfrog simulacrum (Ossuary)
  3 hound zombies (Ossuary)
  3 mummies (Ossuary)
  5 howler monkey skeletons (D:6)
  6 adders
  18 gnolls
  4 shadow imps
  5 white imps
  3 adder zombies (Ossuary)
  2 dart slugs
  2 ribbon worms
  98 orcs
  11 endoplasms
  5 giant cockroaches
  8 goblins
  13 hobgoblins
  5 jackals
  21 kobolds
  6 quokkas
  8 ball pythons
  5 ball python zombies (Ossuary)
  4 bats
  6 frilled lizards
  3 gnoll skeletons (D:10)
  5 gnoll zombies
  6 jackal zombies (Ossuary)
  4 kobold zombies (Ossuary)
  2 orc skeletons (D:10)
  18 orc zombies
  8 rats
  3 river rat simulacra (Lair:2)
  A butterfly (Lair:3)
967 creatures vanquished.

Vanquished Creatures (collateral kills)
  A cane toad (Lair:3)
  A dream sheep (Lair:3)
  A wyvern (Lair:3)
  2 water moccasins (Lair:3)
  A bullfrog (Lair:3)
6 creatures vanquished.

Vanquished Creatures (others)
  An orc high priest (Orc:1)
  An orc (Orc:1)
2 creatures vanquished.

Grand Total: 975 creatures vanquished

Notes
Turn   | Place    | Note
-------+----------+-------------------------------------------
     0 | D:1      | CobblerOfWar the Coglin Fighter began the quest for the
                  | Orb.
     0 | D:1      | Reached XP level 1. HP: 18/18 MP: 1/1
   129 | D:1      | Reached XP level 2. HP: 23/24 MP: 2/2
   320 | D:1      | Reached XP level 3. HP: 29/29 MP: 3/3
  1011 | D:2      | Reached XP level 4. HP: 36/36 MP: 4/4
  1315 | D:3      | Noticed a scorpion
  1321 | D:3      | Killed a scorpion
  1322 | D:3      | Reached skill level 4 in Fighting
  1322 | D:3      | Reached XP level 5. HP: 40/42 MP: 5/5
  1799 | D:3      | Found a sparkling altar of Nemelex Xobeh.
  1819 | D:3      | Found an ornate altar of the Wu Jian Council.
  1842 | D:3      | Became a worshipper of the Wu Jian Council
  2191 | D:3      | Found a runed translucent door.
  2192 | D:3      | Noticed Crazy Yiuf
  2389 | D:3      | Reached XP level 6. HP: 49/49 MP: 6/6
  2672 | D:3      | Killed Crazy Yiuf
  2985 | D:4      | Reached skill level 5 in Maces & Flails
  3125 | D:4      | Identified the +3 dagger of Prudence {freeze, rF- rC+ rN++}
  3152 | D:4      | Found Bimeocoe's General Store.
  3158 | D:4      | Bought a potion of heal wounds for 70 gold pieces
  3158 | D:4      | Bought 2 potions of curing for 84 gold pieces
  3181 | D:4      | Found Wablusuc's Antique Armour Shoppe.
  3193 | D:4      | Noticed Pikel
  3206 | D:4      | Found Unuchirph's Jewellery Boutique.
  3213 | D:3      | Reached skill level 5 in Fighting
  3222 | D:3      | Reached * piety under Wu Jian
  3411 | D:4      | Reached XP level 7. HP: 49/56 MP: 7/7
  3960 | D:4      | Found Nasiamoi's Magic Scroll Shop.
  4003 | D:4      | Found Woefuet's Antique Weapon Shop.
  4233 | D:4      | Killed Pikel
  4234 | D:4      | Reached skill level 6 in Fighting
  4234 | D:4      | Reached XP level 8. HP: 46/65 MP: 8/8
  4323 | D:5      | Entered Level 5 of the Dungeon
  4508 | D:5      | Noticed Sigmund
  4548 | D:5      | Killed Sigmund
  4574 | D:5      | Reached ** piety under Wu Jian
  4804 | D:5      | Identified the +11 short sword of Propriety {freeze,
                  | ^Contam rCorr Int+8 Dex-5}
  5315 | D:6      | Reached skill level 7 in Fighting
  5323 | D:6      | Reached XP level 9. HP: 36/72 MP: 9/9
  5772 | D:6      | Found a sand-covered staircase.
  5785 | Ossuary  | Entered an ossuary
  5899 | Ossuary  | Reached *** piety under Wu Jian
  6228 | D:6      | Reached skill level 8 in Fighting
  6802 | D:4      | Bought 2 scrolls of brand weapon for 247 gold pieces
  6840 | D:4      | Bought a scroll of enchant weapon for 105 gold pieces
  6973 | D:7      | Found a staircase to the Ecumenical Temple.
  7080 | D:7      | Reached skill level 10 in Maces & Flails
  7105 | D:7      | Reached **** piety under Wu Jian
  7381 | D:7      | Noticed Maurice
  7386 | D:7      | Paralysed by Maurice for 3 turns
  7391 | D:7      | Paralysed by Maurice for 3 turns
  7399 | D:7      | Killed Maurice
  7400 | D:7      | Reached XP level 10. HP: 82/82 MP: 10/10
  7413 | D:7      | Noticed Maggie
  7421 | D:7      | Killed Maggie
  7863 | D:8      | Reached skill level 9 in Fighting
  8222 | D:8      | Found a flagged portal.
  8241 | Bailey   | Entered a bailey
  8246 | Bailey   | Noticed an orc warlord
  8329 | Bailey   | Found a runed translucent gate.
  8331 | Bailey   | Found a runed translucent gate.
  8332 | Bailey   | Found a runed translucent gate.
  8419 | Bailey   | Identified the ring of Evvy {Fly Will+ rCorr Stlth-}
  8474 | Bailey   | Killed an orc warlord
  8954 | D:4      | Bought a scroll of blinking for 97 gold pieces
  9047 | D:8      | Identified a scroll of acquirement
  9048 | D:8      | Acquired a +2 demon whip of freezing
  9259 | D:9      | Found a shimmering altar of Xom.
  9394 | D:9      | Reached ***** piety under Wu Jian
  9433 | D:9      | Noticed a two-headed ogre
  9440 | D:9      | Killed a two-headed ogre
  9441 | D:9      | Reached skill level 10 in Fighting
  9441 | D:9      | Reached XP level 11. HP: 16/90 MP: 11/11
  9752 | D:9      | Found a shadowy altar of Dithmenos.
 10100 | D:9      | Found a staircase to the Lair.
 10136 | D:10     | Entered Level 10 of the Dungeon
 10150 | D:10     | Noticed Zanta616's ghost (journeyman GrHu)
 10184 | D:10     | Found a runed translucent door.
 10424 | D:10     | Noticed Harold
 10429 | D:10     | Killed Harold
 10501 | D:10     | Found a staircase to the Orcish Mines.
 10903 | D:10     | Noticed Fannar
 10912 | D:10     | Killed Fannar
 10913 | D:10     | Reached skill level 1 in Dodging
 11139 | Lair:1   | Entered Level 1 of the Lair of Beasts
 11298 | Lair:1   | Reached XP level 12. HP: 95/98 MP: 12/12
 11827 | Lair:1   | You fall into a shaft and drop 1 floor!
 11852 | Lair:2   | Identified the +0 leather armour of Watchfulness {rPois
                  | Dex+2}
 12119 | Lair:2   | Noticed a death yak
 12130 | Lair:2   | Killed a death yak
 12135 | Lair:2   | Noticed a death yak
 12136 | Lair:2   | Noticed a death yak
 12136 | Lair:2   | Noticed a death yak
 12136 | Lair:2   | Noticed a death yak
 12143 | Lair:2   | Killed a death yak
 12147 | Lair:2   | Killed a death yak
 12156 | Lair:2   | Killed a death yak
 12157 | Lair:2   | Reached skill level 15 in Maces & Flails
 12164 | Lair:2   | Killed a death yak
 12165 | Lair:2   | Reached skill level 11 in Fighting
 12165 | Lair:2   | Reached skill level 5 in Armour
 12573 | Lair:2   | Reached ****** piety under Wu Jian
 12596 | Lair:2   | HP: 5/100 [elephant (13)]
 12600 | Lair:2   | Reached XP level 13. HP: 13/106 MP: 13/13
 13284 | Lair:2   | Reached skill level 5 in Dodging
 13284 | Lair:2   | Reached XP level 14. HP: 114/114 MP: 14/14
 13345 | Lair:3   | Found a staircase to the Snake Pit.
 13498 | Lair:3   | Reached skill level 12 in Fighting
 14257 | Lair:3   | Found a staircase to the Shoals.
 14463 | Lair:3   | Found a blossoming altar of Fedhas.
 14865 | Lair:4   | Found a transporter.
 15585 | Lair:4   | Found a transporter.
 15585 | Lair:4   | Noticed heinrich's ghost (journeyman FeBe)
 15818 | Lair:4   | Found a staircase to the Slime Pits.
 15841 | Lair:4   | Reached skill level 13 in Fighting
 16046 | Lair:5   | Entered Level 5 of the Lair of Beasts
 16078 | Lair:5   | Noticed Josephine
 16082 | Lair:5   | Killed Josephine
 16757 | Lair:5   | Reached XP level 15. HP: 124/124 MP: 15/15
 17782 | Lair:5   | Identified the staff "Zucrul" {*Slow rElec rPois rN+ Int+6
                  | Air}
 18209 | Orc:1    | Entered Level 1 of the Orcish Mines
 18379 | Orc:2    | Entered Level 2 of the Orcish Mines
 18380 | Orc:2    | Noticed Jorgrun
 18390 | Orc:2    | Killed Jorgrun
 18391 | Orc:2    | Reached skill level 14 in Fighting
 18655 | Orc:2    | Found a staircase to the Elven Halls.
 18683 | Orc:2    | Noticed an orc warlord
 18942 | Orc:2    | Killed an orc warlord
 19182 | Orc:2    | Reached skill level 10 in Armour
 19886 | Orc:2    | HP: 5/127 [orc warrior/+0 long sword (12)]
 20345 | Orc:1    | Found a roughly hewn altar of Beogh.
 20415 | Orc:2    | Noticed Rupert
 20425 | Orc:2    | Killed Rupert
 20433 | Orc:2    | Reached skill level 10 in Dodging
 20865 | Orc:2    | Gained mutation: You occasionally lose the ability to drink
                  | potions when taking damage. [a neqoxec]
 21386 | Orc:2    | Found Ytseat's Antique Armour Emporium.
 21387 | Orc:2    | Found Moivvuu's Antique Weapon Shoppe.
 21389 | Orc:2    | Found Oghuank's General Store.
 21389 | Orc:2    | Found Buechecio's Jewellery Emporium.
 21683 | D:4      | Bought a scroll of blinking for 97 gold pieces
 21683 | D:4      | Bought a scroll of enchant armour for 97 gold pieces
 21848 | D:11     | Noticed Lodul
 21856 | D:11     | Killed Lodul
 22807 | D:12     | Reached XP level 16. HP: 119/134 MP: 16/16
 23313 | D:13     | Reached skill level 15 in Fighting
 23387 | D:13     | You fall into a shaft and drop 2 floors!
 23387 | D:15     | Entered Level 15 of the Dungeon
 23976 | D:15     | Found a staircase to the Depths.
 24305 | D:15     | Identified the blade talisman of Absence {rC+ Stlth+}
 24434 | D:14     | Found Vaevvyc's Assorted Antiques.
 24645 | D:14     | HP: 4/136 [enormous slime creature (36)]
 25367 | D:14     | Bought heavily runed gold dragon scales for 1955 gold
                  | pieces
 25367 | D:14     | Identified the +1 gold dragon scales of the Orb Guardian
                  | {+Blink rPois rF+ rC+} (You bought it in a shop on level 14
                  | of the Dungeon)
 25691 | D:13     | Noticed Azrael
 25695 | D:13     | Killed Azrael
 25701 | D:13     | Noticed Erolcha
 25709 | D:13     | Killed Erolcha
 25944 | D:13     | Found a gate to the Vaults.
 26105 | D:10     | Killed Zanta616's ghost
 26284 | Lair:3   | Reached skill level 16 in Fighting
 26381 | Lair:3   | Found the +3 Elemental Staff {ele, rElec rF+ rC+ AC+3}
 26454 | Lair:3   | Identified the +2 trident "Yceuwkel" {freeze, +Blink rElec
                  | rC++ Dex-3}
 26455 | Lair:3   | Identified the +7 scimitar of Imbalance {flame, Dex+2}
 26558 | Lair:4   | Killed heinrich's ghost
 26701 | Snake:1  | Entered Level 1 of the Snake Pit
 26786 | Snake:1  | Reached XP level 17. HP: 96/144 MP: 14/17
 26798 | Snake:1  | Found a glacial archway.
 26899 | IceCv    | Entered an ice cave
 27518 | IceCv    | Noticed a shard shrike
 27532 | IceCv    | Killed a shard shrike
 27649 | IceCv    | Found the +2 Maxwell's thermic engine {flame, freeze, rev}
 27656 | IceCv    | Identified the +9 rapier "Mimoukhle" {heavy, *Slow Will+++
                  | rCorr Dex-4}
 27977 | Snake:1  | Reached skill level 17 in Fighting
 28869 | Snake:2  | Identified the serpent talisman of the Toothy God {Int+4
                  | Slay-3}
 28869 | Snake:2  | Noticed Aizul
 28883 | Snake:2  | Killed Aizul
 29541 | Snake:3  | Reached XP level 18. HP: 90/155 MP: 2/18
 29556 | Snake:3  | Killed from afar by a nagaraja

Illustrated notes

Levels and vault maps discovered:
D:1:      minmay_arrival_doors, layout_rooms, minmay_box_of_dots
D:2:      layout_loops_ring
D:3:      minmay_thinvault, layout_basic, mainiacjoe_overflow_catwalk_spiral,
          st_stairs_8, uniq_crazy_yiuf_cottage
D:4:      layout_cave_pools, serial_shops, shop, shop,
          nicolae_shop_tiny_statue_garden, shop, nicolae_shop_behind_doors,
          uniq_pikel
D:5:      layout_loops_ring, serial_demonic, serial_demonic_f, serial_demonic_e,
          serial_demonic_d, serial_demonic_e, grunt_decor_junction,
          lexackson_kobold_supper, uniq_sigmund
D:6:      layout_basic, mainiacjoe_ossuary_entry_find_the_door
D:7:      layout_rooms, minmay_temple_entry_wispy, uniq_maurice, uniq_maggie
D:8:      layout_basic, enter_bailey_4
D:9:      layout_loops_ring, nicolae_dithmenos_through_a_glass_darkly,
          mainiacjoe_overflow_alcove_1, lair_entry_dummy
D:10:     layout_loops_ring, zombieorc2_lemuel, hellmonk_ghost_big_iron,
          uniq_fannar, uniq_harold
D:11:     layout_irregular_city, uniq_lodul
D:12:     layout_small_grid
D:13:     layout_rooms, david_vaults_1, palyth_stone_intersect, uniq_erolcha,
          uniq_azrael
D:14:     layout_loops_ring, dreamdust_wishing_well, kennysheep_windowed_goal
D:15:     grunt_enter_depths_snipers, layout_loops_ring, grunt_decor_resistance
Lair:1:   layout_long_grid
Lair:2:   layout_misc_corridors, eino_house_with_fridge
Lair:3:   statuecave_lemuel, layout_gridlike, elwin_shoals_entry_rooms,
          minmay_snake_entry_guardpost_small, hangedman_tree_tricks,
          lemuel_fruit_tree, grunt_megastairs_1, lemuel_fruit_fields
Lair:4:   layout_hall_layers, nicolae_slime_entry_slimehenge, nzn_ghost_randoct,
          serial_bayou_shore_a, lemuel_fruit_fields
Lair:5:   grunt_lair_end_beastmaster, layout_regular_city,
          nicolae_quartered_pool_super, bobbens_ice_dragon_lair, uniq_josephine
Snake:1:  layout_gridlike, portal_ice_cave_entry_pillars_2,
          dpeg_stationary_puzzle
Snake:2:  layout_gridlike, serial_bayou_shore_b, uniq_aizul
Snake:3:  layout_layer_cave, nicolae_coiled_stairwell_down, grunt_megastairs_5
Orc:1:    layout_diamond_mine, bh_open_orc_temple
Orc:2:    st_orc_congregation, layout_caves, nicolae_orc_bridge_out,
          nicolae_orc_lava_room, uniq_rupert, uniq_jorgrun

Skill      XL: |  1  2  3  4  5  6  7  8  9 10 11 12 13 14 15 16 17 |
---------------+----------------------------------------------------+-----
Maces & Flails | 2 3 4 5 7 8 10 12 14 15 16 | 16.0
Fighting       | 4 5 6 7 8 10 11 13 14 16 17 | 17.5
Armour         | 3 5 6 8 10 12 13 | 13.9
Dodging        | 2 4 5 8 10 12 13 | 13.6
Shields        | |  2.1

Action                     |  1- 3 |  4- 6 |  7- 9 | 10-12 | 13-15 | 16-18 || total
---------------------------+-------+-------+-------+-------+-------+-------++-------
  Melee: Flail             |    47 |   173 |   359 |     6 |       |       ||   585
         Mace              |    40 |   104 |       |       |       |       ||   144
         Whip              |       |       |   249 |    88 |       |       ||   337
         Morningstar       |       |       |       |   436 |   787 |   834 ||  2057
         Demon whip        |       |       |       |   322 |   773 |   826 ||  1921
 Invoke: Heavenly Storm    |       |       |       |       |       |     1 ||     1
Ability: Lunge             |       |     3 |    24 |    37 |   105 |    76 ||   245
         Whirlwind         |       |       |    58 |    94 |   314 |   180 ||   646
         Wall Jump         |       |       |       |     1 |       |       ||     1
  Evoke: Wand              |       |       |       |     1 |     4 |       ||     5
    Use: Potion            |       |       |     1 |     3 |     4 |     4 ||    12
         Scroll            |       |       |       |     9 |    17 |     8 ||    34
   Stab: Paralysed         |       |       |       |     8 |       |       ||     8
         Sleeping          |       |       |       |       |     1 |       ||     1
         Invisible         |       |       |       |       |     8 |       ||     8
         Petrifying        |       |       |       |       |     4 |       ||     4
 Armour: Scale mail        |    36 |   199 |   198 |       |       |       ||   433
         Chain mail        |       |       |    40 |    87 |       |       ||   127
         Plate armour      |       |       |       |   181 |   442 |   159 ||   782
         Gold dragon scale |       |       |       |       |       |   502 ||   502
  Dodge: Dodged            |    23 |   116 |   125 |    93 |   207 |   270 ||   834
  Block: Buckler           |     1 |       |       |       |       |       ||     1

Table legend: (Time is in decaauts)
 A = Elapsed time spent in this place.
 B = Non-inter-level travel time spent in this place.
 C = Inter-level travel time spent in this place.
 D = Time resting spent in this place.
 E = Time spent auto-exploring this place.
 F = Levels seen in this place.
 G = Mean time per level.
                   A        B        C        D        E       F      G
               +--------+--------+--------+--------+--------+-----+--------+
         Total |  29222 |  26520 |   2702 |   5604 |  16818 |  28 | 1043.6 |
       Dungeon |  15167 |  13194 |   1973 |   1708 |   9527 |  15 | 1011.1 |
          Lair |   7449 |   6965 |    484 |   1806 |   4315 |   5 | 1489.8 |
     Snake Pit |   1893 |   1834 |     59 |    324 |   1184 |   3 |  631.0 |
  Orcish Mines |   3316 |   3131 |    185 |   1622 |   1018 |   2 | 1658.0 |
       Ossuary |    246 |    246 |      0 |      8 |    132 |   1 |  246.0 |
        Bailey |    282 |    282 |      0 |      0 |    168 |   1 |  282.0 |
      Ice Cave |    867 |    867 |      0 |    135 |    473 |   1 |  867.0 |
               +--------+--------+--------+--------+--------+-----+--------+

Top non-repeatable levels by time:
     D:3: 2415 daAuts
   Orc:2: 1905 daAuts
  Lair:5: 1866 daAuts
  Lair:2: 1838 daAuts
  Lair:4: 1503 daAuts
  Lair:3: 1413 daAuts
   Orc:1: 1410 daAuts
     D:5: 1268 daAuts
     D:6: 1244 daAuts
     D:9: 1100 daAuts
    D:10: 1085 daAuts
     D:4: 1064 daAuts
    D:14: 1025 daAuts
    D:15: 989 daAuts
     D:8: 970 daAuts
